 Dungeon Crawl Stone Soup version 0.17.1-3-g152610e (webtiles) character file.

355314 tyranidshit the Impregnable (level 21, -6/207 HPs)
             Began as a Minotaur Berserker on Apr 1, 2016.
             Was a High Priest of Trog.
             Mangled by a titan (49 damage)
             ... on level 5 of the Vaults.
             The game lasted 04:26:27 (33336 turns).

tyranidshit the Impregnable (Minotaur Berserker)   Turns: 33336, Time: 04:26:27

Health: -6/207     AC: 42    Str: 30    XL:     21   Next: 37%
Magic:  20/20      EV: 34    Int:  6    God:    Trog [*****.]
Gold:   2257       SH:  0    Dex: 28    Spells: 0 memorised, 20 levels left

rFire  . . .     SeeInvis .     x - +9 war axe (elec)
rCold  + + .     Clarity  +     L - +7 plate armour "Ponec" {Regen+ Str+5 Int+2}
rNeg   . . .     SustAt   .     (no shield)
rPois  +         Gourm    .     (helmet restricted)
rElec  .         Spirit   .     i - +2 cloak
rCorr  +         Warding  .     X - +2 pair of gloves
rMut   .         Stasis   .     T - +1 pair of boots "Suarch" {*Confuse rCorr Dex+3}
MR     +++..                    Q - amulet "Uqul Uqy" {Clar Dex+3}
Stlth  ..........               J - ring of Bevithem {rPois rC++ Stlth-}
                                E - +4 ring of protection

@: agile, lethally poisoned (-6 -> -6), exhausted, regenerating, slowed, very
slow, extremely resistant to hostile enchantments, extremely unstealthy
A: retaliatory headbutt, horns 2
a: Berserk, Trog's Hand, Brothers in Arms, Burn Spellbooks, Renounce Religion
}: 2/15 runes: decaying, serpentine


You were on level 5 of the Vaults.
You worshipped Trog.
Trog was extremely pleased with you.
You were not hungry.

You visited 8 branches of the dungeon, and saw 42 of its levels.
You visited 2 bazaars.
You also visited: Ossuary, Ice Cave and Volcano.

You collected 4857 gold pieces.
You spent 2600 gold pieces at shops.

Inventory:

Hand Weapons
 x - a +9 war axe of electrocution (weapon)
 H - the +11 trident of Uvvas {freeze, -Tele rN+ SInv Stlth+}
   (You found it on level 13 of the Dungeon)

   It has been specially enchanted to freeze those struck by it, causing extra
   injury to most foes and up to half again as much damage against particularly
   susceptible opponents.
   It can also slow down cold-blooded creatures.
   It protects you from negative energy.
   It lets you see invisible.
   It prevents most forms of teleportation.
   It makes you more stealthy.
Armour
 i - a +2 cloak (worn)
 L - the +7 plate armour "Ponec" (worn) {Regen+ Str+5 Int+2}
   (You found it on level 14 of the Dungeon)

   It affects your strength (+5).
   It affects your intelligence (+2).
   It increases your rate of regeneration.
 T - the +1 pair of boots "Suarch" (worn) {*Confuse rCorr Dex+3}
   (You acquired it in a bazaar)

   It affects your dexterity (+3).
   It protects you from acid and corrosion.
   It may confuse you when you take damage.
 X - a +2 pair of gloves (worn)
Jewellery
 q - a +3 ring of slaying {unknown}
 E - a +4 ring of protection (left hand)
 G - an uncursed amulet of resist corrosion
 J - the ring of Bevithem (right hand) {rPois rC++ Stlth-}
   (You found it on level 14 of the Dungeon)

   [ring of loudness]

   It greatly protects you from cold.
   It protects you from poison.
   It makes you less stealthy.
 K - the ring "Uckodinu" {rElec MP+9 Int+4}
   (You bought it in a shop on level 4 of the Dungeon)

   [ring of magical power]

   It affects your intelligence (+4).
   It insulates you from electricity.
   It affects your magic capacity (+9).
 M - an uncursed amulet of regeneration
 Q - the amulet "Uqul Uqy" (around neck) {Clar Dex+3}
   (You bought it in a shop on level 4 of the Dungeon)

   [amulet of clarity]

   It provides mental clarity.
   It affects your dexterity (+3).
Wands
 y - a wand of digging (17)
 A - a wand of teleportation (7)
 O - a wand of heal wounds (2)
 S - a wand of enslavement (20)
Scrolls
 b - 9 scrolls of remove curse
 h - 6 scrolls of noise
 m - 8 scrolls of magic mapping
 n - a scroll of teleportation
 o - 4 scrolls of fear
 p - a scroll of summoning
 r - 2 scrolls of enchant weapon
 t - a scroll of torment
 z - a scroll of blinking
 F - 9 scrolls of identify
 N - 5 scrolls of recharging
 W - 5 scrolls of enchant armour
Potions
 c - 5 potions of curing
 d - 4 potions of mutation
 e - 2 potions of cancellation
 f - 3 potions of poison
 g - 2 potions of invisibility
 j - 7 potions of brilliance
 l - 5 potions of degeneration
 s - 4 potions of agility
 u - a potion of ambrosia
 v - 9 potions of lignification
 w - 6 potions of flight
 C - 2 potions of heal wounds
 U - 2 potions of resistance
 Y - 3 potions of berserk rage
 Z - a potion of magic
Miscellaneous
 I - a legendary deck of escape {the Cloud}
Comestibles
 a - 7 fruits
 k - a beef jerky
 D - a bread ration


   Skills:
 + Level 22.1 Fighting
   Level 4.0 Long Blades
 + Level 21.3 Axes
 + Level 22.2 Armour
 + Level 20.4 Dodging


You had 20 spell levels left.
You didn't know any spells.

Dungeon Overview and Level Annotations

Branches:
Dungeon (15/15)            Temple (1/1) D:7            Lair (8/8) D:10
  Swamp (4/4) Lair:6        Snake (4/4) Lair:3        Slime (0/6) Lair:7
    Orc (4/4) D:10            Elf (1/3) Orc:3        Vaults (5/5) D:13
  Crypt (0/3) Vaults:2     Depths (0/5) D:15

Altars:
Ashenzari
Cheibriados
Dithmenos
Elyvilon
Fedhas
Gozag
Kikubaaqudgha
Makhleb
Nemelex Xobeh
Okawaru
Qazlal
Ru
Sif Muna
Trog
Vehumet
Xom
Yredelemnul
Zin
The Shining One
Beogh

Shops:
D:4 =   D:15 =   Orc:2 *   Orc:4 [**(   Vaults:1 (   Vaults:4 !   Vaults:5 *

Annotations:
Lair:6 exclusion: 4 oklob plants
Lair:7 exclusion: oklob plant


Innate Abilities, Weirdness & Mutations

You reflexively headbutt those who attack you in melee.
You have a pair of horns on your head.


Message History

You kill the entropy weaver!
Trog accepts your kill.
Trog appreciates your killing of a magic user.
You slash the titan!
The titan is lightly wounded.
You feel sick. The titan hits you but does no damage.
You slash the titan!
The titan is lightly wounded.
The titan hits you but does no damage.
Unknown command.
You hit the titan but do no damage.
The titan is lightly wounded.
You feel sick. The titan hits you!!!
* * * LOW HITPOINT WARNING * * *
Unknown command.
You slash the titan!
You headbutt the titan, but do no damage.
The titan is moderately wounded.
The titan hits you!!!
You die...

#......##....#.#.#.#......[).....
#......##....##.#####...[.......#
.......##....#.#.# ##.........##
......# #....##.## ##.......##
.....# #....#.#.# ###.).###
[).)W## #....##.## #)#)#
†((...###....#.#.#########)######
p......##....##)#†#.#.#.#.#)#)#.#
#####..)#....#.#@#.#.#.#.#.#.#.#.
# ##.........C#(#.#.#.#.#.#.#.#
##........##################
....................
..........(.........
####################


You could see a titan.

Vanquished Creatures
  the Lernaean hydra (Swamp:4)
  3 golden dragons (Vaults:5)
  The ghost of jacquesderrida the Warrior, an adept DsEE of Makhleb (Vaults:5)
  A tentacled monstrosity (Vaults:5)
  3 titans
  A sphinx (Vaults:4)
  A shadow dragon (Vaults:5)
  3 storm dragons (Vaults:5)
  3 thorn hunters
  Kirke (Snake:1)
  3 tengu reavers (Vaults:5)
  A deep elf sorcerer (Vaults:4)
  8 greater nagas
  Maud (Lair:8)
  An orc warlord (Orc:4)
  7 frost giants
  Aizul (Snake:2)
  An iron dragon (Vaults:5)
  3 fire giants
  13 vault wardens
  11 ironheart preservers
  2 war gargoyles (Vaults:5)
  A very ugly thing (Vaults:4)
  6 stone giants
  A salamander stormcaller (Vaults:3)
  Nessos (Lair:6)
  A deep elf demonologist (Vaults:1)
  A deep elf annihilator (Vaults:1)
  Azrael (D:12)
  5 ettins
  38 vault guards
  The ghost of Yermak the Cleaver, a journeyman DgAM (Lair:6)
  Josephine (Lair:6)
  2 fire dragons
  12 ogre magi
  12 yaktaur captains
  An entropy weaver (Vaults:5)
  A rakshasa (D:15)
  An ice dragon (Vaults:4)
  19 naga warriors
  8 centaur warriors
  22 hydras
  Erica (Orc:1)
  7 anacondas
  2 catoblepae
  5 alligators
  2 deep troll shamans (Vaults:1)
  3 death yaks (Lair:8)
  2 deep troll earth magi (Vaults:5)
  12 naga sharpshooters
  3 deep elf knights
  A salamander mystic (Snake:3)
  4 shock serpents
  Nergalle (D:11)
  A storm dragon zombie (Vaults:1)
  10 skeletal warriors (Vaults:2)
  A shadow wraith (Vaults:3)
  2 hell knights
  3 unseen horrors
  7 deep trolls
  2 sea snakes (Snake:3)
  11 naga ritualists
  5 giant orange brains
  11 orc knights
  A shambling mangrove (Swamp:3)
  Pikel (D:7)
  7 swamp dragons (Swamp:4)
  10 hill giants
  2 phantasmal warriors (Vaults:5)
  A sphinx zombie (Vaults:1)
  2 necromancers (Vaults:1)
  6 griffons
  2 deep elf conjurers (Vaults:3)
  6 hornets
  42 ugly things
  14 ironbrand convokers
  13 mana vipers
  2 manticores
  5 salamanders
  4 wolf spiders
  A faun (shapeshifter) (D:15)
  2 cyclopes
  36 naga magi
  50 black mambas
  2 orc sorcerers
  A centaur zombie (D:11)
  A frost giant skeleton (Vaults:2)
  Maurice (Orc:1)
  22 spiny frogs
  12 vault sentinels
  The ghost of Yermak the Skirmisher, a novice DgWn (Ossuary)
  5 guardian serpents
  A gargoyle (D:11)
  A torpor snail (Lair:7)
  4 elephants (Lair:4)
  A komodo dragon (shapeshifter) (Vaults:3)
  A black mamba (shapeshifter) (D:14)
  8 kobold demonologists
  3 fire drakes
  A yaktaur (shapeshifter) (Vaults:4)
  6 komodo dragons
  2 tengu conjurers (D:15)
  A yaktaur skeleton (Vaults:2)
  5 deep elf priests
  A queen bee (Lair:5)
  A redback zombie (D:15)
  43 yaktaurs
  A giant leech (Swamp:4)
  11 trolls
  20 two-headed ogres
  2 freezing wraiths
  Grinder (D:5)
  An ettin zombie (Vaults:1)
  A giant leech (shapeshifter) (Vaults:4)
  Prince Ribbit (D:7)
  19 slime creatures
  A harpy skeleton (D:14)
  4 bog bodies
  2 polar bears
  A boulder beetle (Vaults:4)
  25 blink frogs
  A trapdoor spider zombie (D:12)
  A jumping spider (Vaults:4)
  3 shadows
  3 spriggans
  An ettin skeleton (Vaults:1)
  Sigmund (D:5)
  5 redbacks
  A vampire (D:12)
  65 yaks
  7 hippogriffs
  4 wraiths
  3 hogs (Snake:1)
  A yak (shapeshifter) (Vaults:5)
  5 deep elf magi
  3 wyverns
  Eustachio (D:6)
  3 basilisks
  8 deep elf fighters
  2 humans (D:13)
  A basilisk (shapeshifter) (Vaults:2)
  3 fire elementals (D:12)
  20 water moccasins
  A hippogriff (shapeshifter) (D:15)
  2 wargs
  Menkaure (D:6)
  2 soldier ants (shapeshifter)
  3 vampire mosquitoes (Swamp:4)
  A mottled dragon (D:12)
  18 insubstantial wisps
  A hell hound (D:12)
  18 swamp worms
  3 wolves
  64 nagas
  A deep troll skeleton (Vaults:2)
  5 wasps
  11 porcupines
  A black bear (shapeshifter) (Vaults:2)
  2 ogre skeletons (Vaults:1)
  32 orc warriors
  3 phantoms
  11 swamp drakes
  6 spiders (Lair:8)
  A necrophage (D:12)
  4 sky beasts
  2 eyes of draining
  4 black bears
  17 ice beasts
  6 boggarts
  An orc skeleton (Vaults:2)
  45 ogres
  5 human skeletons
  17 crocodiles
  15 centaurs
  17 giant frogs
  A gnoll sergeant (D:8)
  3 water moccasin zombies (Ossuary)
  6 big kobolds
  7 scorpions
  A troll skeleton (D:14)
  33 killer bees
  9 wights
  3 spriggan skeletons (D:14)
  4 electric eels (D:10)
  A quasit (D:12)
  A vampire bat (D:4)
  12 hounds
  8 crimson imps
  A giant frog zombie (D:11)
  A wasp zombie (D:11)
  4 jellies
  28 orc priests
  7 centaur skeletons
  6 iguanas
  4 giant frog skeletons
  33 orc wizards
  11 worker ants
  24 sheep
  A killer bee zombie (D:11)
  4 big kobold zombies (Ossuary)
  2 mummies (Ossuary)
  17 adders
  4 gnolls (D:8)
  83 river rats
  2 shadow imps
  An ooze (D:2)
  5 worms
  8 adder zombies
  3 fire bats (D:4)
  6 giant geckos
  210 orcs
  2 spectral bats (D:4)
  3 bat skeletons (D:4)
  A bat zombie (D:4)
  5 giant cockroaches
  4 gnoll zombies (Ossuary)
  11 hobgoblins
  12 jackals
  6 quokkas
  17 bats
  A bat simulacrum (D:4)
  5 giant newts
  3 goblins
  3 hobgoblin zombies (Ossuary)
  A jackal skeleton (D:6)
  16 kobolds
  5 kobold zombies (Ossuary)
  8 orc zombies (Ossuary)
  A quokka skeleton (D:7)
  8 rats
  15 briar patches
  2 bushes
  10 fungi
  6 plants
1883 creatures vanquished.

Vanquished Creatures (collateral kills)
  2 greater nagas (Snake:4)
  An ogre mage (Orc:4)
  A naga sharpshooter (Snake:4)
  A deep troll (Orc:4)
  A cyclops (Orc:4)
  A troll (Orc:4)
  3 ogres (Orc:4)
10 creatures vanquished.

Vanquished Creatures (others)
  A fire giant (Vaults:5)
  An unseen horror (Vaults:1)
  3 humans (Snake:1)
  A slave (D:7)
  An elf skeleton (Vaults:1)
  A worker ant (D:7)
  A briar patch (Swamp:4)
  7 fungi (Lair:8)
  2 plants (Lair:8)
  5 toadstools (D:1)
23 creatures vanquished.

Grand Total: 1916 creatures vanquished

Notes
Turn   | Place    | Note
--------------------------------------------------------------
     0 | D:1      | tyranidshit the Minotaur Berserker began the quest for the Orb.
     0 | D:1      | Reached XP level 1. HP: 19/19 MP: 0/0
   175 | D:1      | Reached XP level 2. HP: 20/27 MP: 1/1
   199 | D:1      | Reached skill level 4 in Fighting
   532 | D:1      | Reached ** piety under Trog
   753 | D:2      | Reached XP level 3. HP: 30/33 MP: 2/2
  1224 | D:2      | Found a glowing golden altar of the Shining One.
  1559 | D:3      | Reached XP level 4. HP: 34/41 MP: 3/3
  1619 | D:3      | Reached XP level 5. HP: 37/47 MP: 4/4
  1652 | D:3      | Found a sacrificial altar of Ru.
  1812 | D:3      | Reached *** piety under Trog
  2121 | D:4      | Reached skill level 5 in Fighting
  2234 | D:4      | Noticed an ogre
  2239 | D:4      | Killed an ogre
  2239 | D:4      | Reached XP level 6. HP: 3/56 MP: 5/5
  2362 | D:4      | Reached skill level 5 in Armour
  2488 | D:4      | Found a sand-covered staircase.
  2493 | D:4      | Noticed an ogre
  2504 | D:4      | Killed an ogre
  2504 | D:4      | Reached skill level 6 in Fighting
  2504 | D:4      | Reached skill level 5 in Dodging
  2504 | D:4      | Reached XP level 7. HP: 63/63 MP: 6/6
  2513 | Ossuary  | Entered an ossuary
  2577 | Ossuary  | Noticed Yermak's ghost (novice DgWn)
  2590 | Ossuary  | Killed Yermak's ghost
  2590 | Ossuary  | Reached skill level 7 in Fighting
  2590 | Ossuary  | Reached XP level 8. HP: 73/73 MP: 7/7
  3027 | D:4      | Reached skill level 1 in Axes
  3121 | D:4      | Found Jomurioxi's Jewellery Boutique.
  3138 | D:5      | Entered Level 5 of the Dungeon
  3138 | D:5      | Noticed Grinder
  3143 | D:5      | Killed Grinder
  3143 | D:5      | Reached skill level 8 in Fighting
  3150 | D:5      | Found a stormy altar of Qazlal.
  3248 | D:5      | Noticed Sigmund
  3272 | D:5      | Killed Sigmund
  3368 | D:5      | Found an opulent altar of Gozag.
  3406 | D:5      | Reached XP level 9. HP: 59/82 MP: 8/8
  3410 | D:5      | Found an ancient bone altar of Kikubaaqudgha.
  3621 | D:5      | Reached **** piety under Trog
  3838 | D:6      | Reached skill level 9 in Fighting
  3993 | D:6      | Found an iron altar of Okawaru.
  3993 | D:6      | Found a snail-covered altar of Cheibriados.
  4068 | D:6      | Noticed Menkaure
  4135 | D:6      | Reached skill level 5 in Axes
  4170 | D:6      | Killed Menkaure
  4334 | D:6      | Noticed Eustachio
  4343 | D:6      | Killed Eustachio
  4555 | D:7      | Found a staircase to the Ecumenical Temple.
  4568 | Temple   | Entered the Ecumenical Temple
  4738 | D:7      | Noticed Pikel
  4745 | D:7      | Killed Pikel
  4752 | D:7      | Noticed Prince Ribbit
  4820 | D:7      | Found a deep blue altar of Sif Muna.
  4824 | D:7      | Found a blossoming altar of Fedhas.
  4882 | D:7      | Killed Prince Ribbit
  4882 | D:7      | Reached skill level 10 in Fighting
  4882 | D:7      | Reached XP level 10. HP: 79/93 MP: 9/9
  5277 | D:8      | Reached ***** piety under Trog
  5424 | D:8      | Found a sacrificial altar of Ru.
  5626 | D:8      | Found a basalt altar of Yredelemnul.
  5760 | D:8      | Found a white marble altar of Elyvilon.
  6193 | D:9      | Reached skill level 10 in Armour
  6648 | D:10     | Entered Level 10 of the Dungeon
  6850 | D:10     | Reached skill level 11 in Fighting
  6850 | D:10     | Reached skill level 10 in Dodging
  6883 | D:10     | Received a gift from Trog
  6918 | D:10     | Found a staircase to the Orcish Mines.
  6965 | D:10     | Got a distressingly furry robe
  6976 | D:10     | Identified the cursed +0 robe of the Last Ships {Dex+3} (You found it on level 10 of the Dungeon)
  7199 | D:10     | Found a staircase to the Lair.
  7435 | D:4      | Bought the ring "Uckodinu" {rElec MP+9 Int+4} for 508 gold pieces
  7674 | D:10     | Noticed a hill giant
  7684 | D:10     | Killed a hill giant
  7684 | D:10     | Reached XP level 11. HP: 102/102 MP: 10/10
  8098 | Lair:1   | Entered Level 1 of the Lair of Beasts
  8452 | Lair:1   | Received a gift from Trog
  8825 | Lair:2   | Reached skill level 12 in Fighting
  9406 | Lair:3   | Noticed a six-headed hydra
  9419 | Lair:3   | Killed a 12-headed hydra
  9493 | Lair:3   | Reached skill level 10 in Axes
  9538 | Lair:3   | Noticed a six-headed hydra
  9550 | Lair:3   | Killed a 12-headed hydra
  9550 | Lair:3   | Reached XP level 12. HP: 111/113 MP: 11/11
  9636 | Lair:3   | Noticed a five-headed hydra
  9648 | Lair:3   | Killed an eight-headed hydra
  9683 | Lair:3   | Found a staircase to the Snake Pit.
 10026 | Lair:4   | Got a bloodstained robe
 10028 | Lair:4   | Identified the +5 robe of the Other Side {rN+ Str+3 Int+4} (You found it on level 4 of the Lair of Beasts)
 10240 | Lair:4   | Reached skill level 13 in Armour
 11095 | Lair:5   | Reached XP level 13. HP: 108/122 MP: 12/12
 11423 | Lair:6   | Found a staircase to the Swamp.
 11426 | Lair:6   | Noticed Nessos
 11592 | Lair:6   | Found a dark tunnel.
 11608 | Volcano  | Entered a volcano
 11943 | Lair:6   | Noticed Yermak's ghost (journeyman DgAM)
 11966 | Lair:6   | Killed Yermak's ghost
 12037 | Lair:6   | Noticed Josephine
 12078 | Lair:6   | Killed Josephine
 12078 | Lair:6   | Reached skill level 14 in Armour
 12086 | Lair:6   | Killed Nessos
 12417 | Lair:6   | Received a gift from Trog
 12791 | Lair:7   | Found a staircase to the Slime Pits.
 13211 | Lair:8   | Entered Level 8 of the Lair of Beasts
 13296 | Lair:8   | Received a gift from Trog
 13370 | Lair:8   | Noticed Maud
 13387 | Lair:8   | HP: 5/125 [Maud/demon trident of electrocution (42)]
 13392 | Lair:8   | HP: 6/125 [Maud/demon trident of electrocution (36)]
 13395 | Lair:8   | Killed Maud
 13653 | Lair:8   | HP: 4/125 [spiny frog (5)]
 13656 | Lair:8   | Reached XP level 14. HP: 13/133 MP: 13/13
 14012 | Lair:8   | Reached skill level 15 in Fighting
 14083 | Lair:8   | Reached skill level 15 in Armour
 14136 | Lair:8   | Paralysed by a hornet for 2 turns
 14939 | D:4      | Bought a +3 ring of protection for 252 gold pieces
 14939 | D:4      | Bought the amulet "Uqul Uqy" {Clar Dex+3} for 399 gold pieces
 15121 | Orc:1    | Entered Level 1 of the Orcish Mines
 15307 | Orc:2    | Found Feti's Assorted Antiques.
 15313 | Orc:2    | Received a gift from Trog
 15444 | Orc:2    | Found a frozen archway.
 15475 | IceCv    | Entered an ice cave
 15584 | Orc:1    | Noticed Erica
 15591 | Orc:1    | Killed Erica
 15661 | Orc:1    | Found a burning altar of Makhleb.
 15779 | Orc:1    | Found a burning altar of Makhleb.
 15882 | Orc:1    | Noticed Maurice
 15890 | Orc:1    | Killed Maurice
 16070 | Orc:3    | Found a staircase to the Elven Halls.
 16285 | Orc:3    | You fall through a shaft!
 16285 | Orc:4    | Entered Level 4 of the Orcish Mines
 16314 | Elf:1    | Entered Level 1 of the Elven Halls
 16367 | Orc:4    | Received a gift from Trog
 16508 | Orc:4    | Noticed an orc warlord
 16516 | Orc:4    | Killed an orc warlord
 16646 | Orc:4    | Found a gateway to a bazaar.
 16661 | Orc:4    | Found a roughly hewn altar of Beogh.
 16712 | Orc:4    | Reached ****** piety under Trog
 16724 | Orc:4    | Received a gift from Trog
 16746 | Orc:4    | Found Zyub's Assorted Antiques.
 16751 | Orc:4    | Found Deuvu's Antique Weapon Emporium.
 16752 | Orc:4    | Found Okiagah's Assorted Antiques.
 16866 | Orc:4    | Found Revaq's Armour Emporium.
 16911 | Bazaar   | Entered a bazaar
 16911 | Bazaar   | Found Busir's General Store.
 16911 | Bazaar   | Found Gifoch's Assorted Antiques.
 16911 | Bazaar   | Found Hojunel's Assorted Antiques.
 16911 | Bazaar   | Found Silotus's Food Shoppe.
 16913 | Bazaar   | Found Muive's Gadget Boutique.
 16946 | Bazaar   | Bought a pair of scorched gloves for 171 gold pieces
 16946 | Bazaar   | Bought a scroll labeled ONUFUHINWA for 18 gold pieces
 16963 | Bazaar   | Identified the cursed +0 pair of gloves "Mime" {rC+ Int+5} (You bought it in a shop in a bazaar)
 16998 | Bazaar   | Bought a twisted blue amulet for 80 gold pieces
 17103 | Orc:4    | Bought a scroll of enchant weapon for 157 gold pieces
 17103 | Orc:4    | Bought a scroll of enchant armour for 157 gold pieces
 17122 | Orc:4    | Bought a scroll of identify for 42 gold pieces
 17122 | Orc:4    | Bought a dented copper amulet for 105 gold pieces
 17446 | D:11     | Noticed Nergalle
 17458 | D:11     | Killed Nergalle
 17589 | D:11     | Reached skill level 16 in Armour
 17594 | D:11     | Reached XP level 15. HP: 143/143 MP: 14/14
 17891 | D:12     | Noticed Azrael
 17910 | D:12     | Killed Azrael
 17996 | D:12     | Received a gift from Trog
 18339 | D:13     | Received a gift from Trog
 18995 | D:13     | Got a slimy trident
 18996 | D:13     | Identified the +11 trident of Uvvas {freeze, -Tele rN+ SInv Stlth+} (You found it on level 13 of the Dungeon)
 19063 | D:13     | Reached skill level 15 in Dodging
 19128 | D:13     | Found a gate to the Vaults.
 19133 | D:13     | Reached skill level 15 in Axes
 19172 | D:13     | Received a gift from Trog
 19354 | D:14     | Got a warped plate armour
 19365 | D:14     | Identified the +7 plate armour "Ponec" {Regen+ Str+5 Int+2} (You found it on level 14 of the Dungeon)
 19680 | D:14     | Got a vibrating amber ring
 19745 | D:14     | Identified the ring of Bevithem {rPois rC++ Stlth-} (You found it on level 14 of the Dungeon)
 19832 | D:15     | Entered Level 15 of the Dungeon
 20096 | D:15     | Found Wett's Jewellery Shoppe.
 20219 | D:15     | Found a glowing golden altar of the Shining One.
 20412 | D:15     | Reached skill level 17 in Fighting
 20446 | D:15     | Found a staircase to the Depths.
 20748 | D:15     | Received a gift from Trog
 20913 | D:10     | Reached XP level 16. HP: 134/155 MP: 15/15
 21119 | Snake:1  | Entered Level 1 of the Snake Pit
 21290 | Swamp:1  | Entered Level 1 of the Swamp
 21868 | Swamp:2  | Got an encrusted scale mail
 21879 | Swamp:2  | Identified the cursed +1 scale mail "Misod" {rF+} (You found it on level 2 of the Swamp)
 22550 | Swamp:4  | Entered Level 4 of the Swamp
 22657 | Swamp:4  | Received a gift from Trog
 22670 | Swamp:4  | Noticed the 27-headed Lernaean hydra
 22733 | Swamp:4  | HP: 11/235 [the 26-headed Lernaean hydra (3)]
 22734 | Swamp:4  | HP: 5/235 [11-headed hydra (5)]
 22909 | Swamp:4  | Killed the 26-headed Lernaean hydra
 22961 | Swamp:4  | Reached skill level 18 in Fighting
 23028 | Swamp:4  | Got a decaying rune of Zot
 23148 | Swamp:4  | Identified the Collected Works on Combat Magic and the Arsonist
 23866 | Snake:1  | Received a gift from Trog
 24119 | Snake:1  | Noticed Kirke
 24125 | Snake:1  | Killed Kirke
 24125 | Snake:1  | Reached XP level 17. HP: 163/163 MP: 16/16
 24205 | Snake:1  | Got a shimmering long sword
 24206 | Snake:1  | Identified the +4 long sword of Kaocenio {drain, rN+ Int+4} (You found it on level 1 of the Snake Pit)
 24631 | Snake:2  | Noticed Aizul
 24644 | Snake:2  | Killed Aizul
 25662 | Snake:3  | Found a white marble altar of Elyvilon.
 25671 | Snake:3  | Found a flickering gateway to a bazaar.
 25838 | Bazaar   | Entered a bazaar
 25841 | Bazaar   | Found Ruoss's Gadget Boutique.
 25848 | Bazaar   | Found Uzavack's Book Shoppe.
 25860 | Bazaar   | Found Uherch's Magic Scroll Shoppe.
 25863 | Bazaar   | Found Amo Zaes's Assorted Antiques.
 25876 | Bazaar   | Found Roshianta's Antique Weapon Boutique.
 25898 | Bazaar   | Bought a scroll of acquirement for 468 gold pieces
 25906 | Bazaar   | Bought a gilded ring for 90 gold pieces
 25919 | Bazaar   | Got a pair of brightly glowing boots
 25925 | Bazaar   | Identified the +1 pair of boots "Suarch" {*Confuse rCorr Dex+3} (You acquired it in a bazaar)
 25936 | Bazaar   | Bought a glowing bone amulet for 90 gold pieces
 25979 | Bazaar   | Bought 2 scrolls of magic mapping for 63 gold pieces
 26155 | Snake:3  | Received a gift from Trog
 26521 | Snake:4  | Entered Level 4 of the Snake Pit
 26557 | Snake:4  | Reached skill level 19 in Fighting
 26909 | Snake:4  | Reached XP level 18. HP: 176/176 MP: 11/17
 27262 | Snake:4  | Received a gift from Trog
 27377 | Snake:4  | Got a serpentine rune of Zot
 28014 | Vaults:1 | Entered Level 1 of the Vaults
 28102 | Vaults:1 | Paralysed by an ogre mage for 7 turns
 28565 | Vaults:1 | Reached skill level 20 in Fighting
 28942 | Vaults:1 | Found Ikug's Antique Weapon Shop.
 29105 | Vaults:2 | Reached XP level 19. HP: 179/185 MP: 18/18
 29187 | Vaults:2 | Found a roughly hewn altar of Beogh.
 29213 | Vaults:2 | Received a gift from Trog
 29548 | Vaults:2 | Found a staircase to the Crypt.
 30629 | Vaults:3 | Got an ominously black robe
 30640 | Vaults:3 | Identified the +1 robe of Zaise {+Blink Int+5 Dex+3} (You found it on level 3 of the Vaults)
 30785 | Vaults:3 | Received a gift from Trog
 30991 | Vaults:3 | Received a gift from Trog
 31459 | Vaults:4 | Reached XP level 20. HP: 187/195 MP: 19/19
 31643 | Vaults:4 | Reached skill level 21 in Fighting
 31946 | Vaults:4 | Found Loifuav's Distillery.
 32070 | Vaults:4 | Got a pair of brightly glowing gloves
 32081 | Vaults:4 | Identified the cursed -3 pair of gloves "Tootaor" {rN+ Str+2 Int+2} (You found it on level 4 of the Vaults)
 32201 | Vaults:4 | Received a gift from Trog
 32548 | Vaults:5 | Entered Level 5 of the Vaults
 32577 | Vaults:5 | Received a gift from Trog
 32925 | Vaults:5 | Received a gift from Trog
 32930 | Vaults:5 | Found Xoinagem's Assorted Antiques.
 32960 | Vaults:5 | Got a crystal hand axe {flame}
 32961 | Vaults:5 | Identified the +9 hand axe "Memmidgho" {flame, Dex+2} (You took it off a yaktaur on level 5 of the Vaults)
 32988 | Vaults:5 | Got a slimy chain mail
 32999 | Vaults:5 | Identified the cursed +0 chain mail of Leapfrog {rF+} (You found it on level 5 of the Vaults)
 33019 | Vaults:5 | Got an encrusted chain mail
 33030 | Vaults:5 | Identified the +7 chain mail of the Special Seas {MR+ rCorr Int-4 Slay+5} (You found it on level 5 of the Vaults)
 33030 | Vaults:5 | Lost intelligence.
 33181 | Vaults:5 | Reached XP level 21. HP: 193/206 MP: 20/20
 33198 | Vaults:5 | Noticed a golden dragon
 33211 | Vaults:5 | Noticed a golden dragon
 33212 | Vaults:5 | Killed a golden dragon
 33234 | Vaults:5 | Killed a golden dragon
 33234 | Vaults:5 | Reached skill level 22 in Armour
 33244 | Vaults:5 | Noticed a golden dragon
 33259 | Vaults:5 | Noticed jacquesderrida's ghost (adept DsEE)
 33277 | Vaults:5 | Killed a golden dragon
 33306 | Vaults:5 | Killed jacquesderrida's ghost
 33336 | Vaults:5 | Mangled by a titan

Action                   |  1- 3 |  4- 6 |  7- 9 | 10-12 | 13-15 | 16-18 | 19-21 || total
-------------------------+-------+-------+-------+-------+-------+-------+-------++-------
Melee: Falchion          |   102 |       |       |       |       |       |       ||   102
       War axe           |     5 |    61 |   244 |   519 |  1166 |  1217 |   919 ||  4131
Invok: Berserk           |     2 |     2 |     6 |    11 |    17 |    15 |     7 ||    60
       Trog's Hand       |     1 |     5 |     8 |    15 |    49 |    62 |    38 ||   178
       Burn Spellbooks   |       |       |       |     1 |     4 |     4 |     2 ||    11
       Brothers in Arms  |       |       |       |       |     1 |     2 |       ||     3
Evoke: Wand              |       |       |       |       |       |     5 |     2 ||     7
  Use: Potion            |     6 |     1 |     2 |     5 |    15 |     9 |     5 ||    43
       Scroll            |     5 |     3 |     9 |    13 |    22 |    17 |     4 ||    73
 Stab: Sleeping          |     1 |       |       |     1 |     4 |       |       ||     6
       Distracted        |       |       |       |     1 |     1 |       |       ||     2
       Confused          |       |       |       |       |     2 |       |       ||     2
  Eat: Bread ration      |     1 |       |     3 |     3 |     3 |     7 |     1 ||    18
       Meat ration       |       |     1 |       |     1 |     1 |     1 |     2 ||     6
       Pizza             |       |     1 |       |       |     1 |     3 |       ||     5
       Fruit             |       |       |     2 |    10 |     7 |     4 |     2 ||    25
       Beef jerky        |       |       |     1 |     3 |       |     3 |     1 ||     8
       Royal jelly       |       |       |       |     1 |    14 |     4 |     1 ||    20
       Chunk             |       |       |       |       |     3 |     1 |     6 ||    10
